 Dungeon Crawl Stone Soup version 0.30-a0-21-g5d08c37080 (webtiles) character file.

Game seed: 2035371947007991929

251 Plasmagod the Slasher (level 6, -1/32 HPs)
             Began as a Vine Stalker Fighter on Aug 24, 2022.
             Slain by a black bear (5 damage)
             ... on level 3 of the Dungeon.
             The game lasted 00:03:05 (2401 turns).

Plasmagod the Slasher (Vine Stalker Fighter)        Turns: 2401, Time: 00:03:05

Health: -1/32      AC:  7    Str: 19    XL:     6   Next: 13%
Magic:  0/7        EV:  9    Int:  8    God:
Gold:   152        SH:  5    Dex: 15    Spells: 5/5 levels left

rFire   . . .      SeeInvis .    a - +0 long sword
rCold   . . .      Faith    .    c - +0 buckler
rNeg    . . .      Spirit   +    b - +0 scale mail
rPois   .          Reflect  .    (no helmet)
rElec   .          Harm     .    (no cloak)
rCorr   .          Rampage  .    f - +0 pair of gloves
Will    .....                    (no boots)
Stlth   ..........               (no amulet)
HPRegen 0.90/turn                (no ring)
MPRegen 0.10/turn                (no ring)

@: no status effects
A: fangs 2, regeneration 1, magic shield, antimagic bite, no potion heal 2
a: no special abilities


You were on level 3 of the Dungeon.
You visited 1 branch of the dungeon, and saw 3 of its levels.

You collected 152 gold pieces.

Inventory:

Hand Weapons
 a - a +0 long sword (weapon)
Armour
 b - a +0 scale mail (worn)
 c - a +0 buckler (worn)
 f - a +0 pair of gloves (worn)
Scrolls
 e - a scroll of teleportation {unknown}
 g - 2 scrolls of blinking {unknown}
 j - 4 scrolls of identify {unknown}
 l - a scroll of poison {unknown}
 n - a scroll of torment {unknown}
Potions
 d - a potion of might
 h - a potion of attraction {unknown}
 i - a potion of mutation {unknown}
 k - a potion of curing {unknown}
 m - a potion of heal wounds {unknown}


   Skills:
 - Level 2.6 Fighting
 + Level 5.7 Long Blades
 - Level 2.4 Armour
 - Level 2.6 Shields


You had 5 spell levels left.
You didn't know any spells.
Your spell library was empty.

Dungeon Overview and Level Annotations

Branches:
Dungeon (3/15)

Altars:

Shops:
D:3 ?

Annotations:
D:2 1 runed translucent door, Crazy Yiuf


Innate Abilities, Weirdness & Mutations

You have extremely sharp teeth.
Your natural rate of healing is unusually fast.
When hurt, damage is shared between your health and your magic reserves.
Your bite disrupts and absorbs the magic of your enemies.
Potions cannot restore your health.


Message History

The black bear claws you but does no damage.
The black bear claws you. The black bear bites you.
The black bear barely misses you. You block the black bear's attack.
You barely miss the black bear.
The black bear is heavily wounded.
The black bear bites you but does no damage.
The black bear claws you. x2
You slash the black bear! Your bite misses the black bear.
The black bear is severely wounded.
The black bear bites you but does no damage.
The black bear claws you.
The black bear claws you but does no damage.
You barely miss the black bear. Your bite misses the black bear.
The black bear is severely wounded.
The black bear goes berserk!
You barely miss the black bear.
You bite the black bear, but do no damage.
The black bear is severely wounded.
The black bear bites you! The black bear claws you.
* * * LOW HITPOINT WARNING * * *
The black bear claws you.
* * * LOW HITPOINT WARNING * * *
The black bear bites you but does no damage.
The black bear barely misses you. You block the black bear's attack.
You are too injured to fight recklessly!
You are too injured to fight recklessly!
You are too injured to fight recklessly!
You are too injured to fight recklessly!
You barely miss the black bear.
The black bear is severely wounded.
The black bear bites you but does no damage.
The black bear claws you.
* * * LOW HITPOINT WARNING * * *
The black bear closely misses you.
The black bear bites you but does no damage.
You block the black bear's attack. The black bear barely misses you.
You slash the black bear! Your bite misses the black bear.
The black bear is almost dead.
The black bear bites you.
You die...

.. #. #.###### ##......# .......#
......# ##.#####.....+ #....h@..#
..+ #..#####.# #.# #......#.###.#
###............#
#........#.###.#########
#########.#......#.#...#.......##
#.......#.#......#.#.###........#
#.......#.#......#.......#.#.#..#
#.......#.###..# #.#.#'#...#.#).#


You could see a black bear (berserk).

Vanquished Creatures
  A phantom (D:2)
  Jessica (D:2)
  Natasha (D:2)
  An iguana (D:3)
  3 adders
  3 worms (D:2)
  A dart slug (D:2)
  5 orcs (D:3)
  3 bats
  2 endoplasms (D:2)
  4 giant cockroaches
  5 hobgoblins
  2 jackals (D:2)
  4 ball pythons
  3 frilled lizards
  4 goblins
  9 kobolds
  4 rats
56 creatures vanquished.

Vanquished Creatures (others)
  A fungus (D:1)
  A plant (D:1)
2 creatures vanquished.

Grand Total: 58 creatures vanquished

Notes
Turn   | Place    | Note
-------+----------+-------------------------------------------
     0 | D:1      | Plasmagod the Vine Stalker Fighter began the quest for the
                  | Orb.
     0 | D:1      | Reached XP level 1. HP: 11/11 MP: 2/2
   108 | D:1      | Reached skill level 2 in Long Blades
   438 | D:1      | Found a faded altar of an unknown god.
   471 | D:1      | Reached XP level 2. HP: 6/16 MP: 3/3
  1044 | D:2      | Noticed a phantom
  1074 | D:2      | Noticed Jessica
  1085 | D:2      | Killed Jessica
  1086 | D:2      | Reached skill level 3 in Long Blades
  1086 | D:2      | Reached XP level 3. HP: 12/19 MP: 2/4
  1528 | D:2      | Gained mutation: Your natural rate of healing is unusually
                  | fast. [Vine Stalker growth]
  1528 | D:2      | Reached XP level 4. HP: 20/23 MP: 3/5
  1543 | D:2      | Noticed Natasha
  1554 | D:2      | Killed Natasha
  1555 | D:2      | Reached skill level 4 in Long Blades
  1622 | D:2      | Killed a phantom
  1623 | D:2      | Reached skill level 5 in Long Blades
  1623 | D:2      | Reached XP level 5. HP: 27/27 MP: 6/6
  1707 | D:2      | Found a runed translucent door.
  1708 | D:2      | Noticed Crazy Yiuf
  2278 | D:3      | Reached XP level 6. HP: 32/32 MP: 5/7
  2341 | D:3      | Found Beimaosu's Magic Scroll Boutique.
  2386 | D:3      | Noticed a black bear
  2401 | D:3      | Slain by a black bear

Illustrated notes

Levels and vault maps discovered:
D:1:      saegor_arrival_simple_d, layout_basic,
          dreamdust_ecumenical_altar_grove
D:2:      layout_basic, minmay_cut_off, uniq_natasha, uniq_jessica,
          uniq_crazy_yiuf_cottage
D:3:      layout_basic, serial_shops, nicolae_shop_window_shopping,
          kennysheep_generic_room_4

Skill      XL: |  1  2  3  4 |
---------------+-------------+-----
Long Blades    | 2 3 5 |  5.7
Fighting       | |  2.6
Armour         | |  2.4
Shields        | |  2.6

Action                   |  1- 3 |  4- 6 || total
-------------------------+-------+-------++-------
Melee: Long sword        |    87 |    99 ||   186
       Bite              |    15 |    28 ||    43
Armor: Scale mail        |    55 |    41 ||    96
Dodge: Dodged            |    37 |    32 ||    69
Block: Buckler           |    13 |    23 ||    36

Table legend: (Time is in decaauts)
 A = Elapsed time spent in this place.
 B = Non-inter-level travel time spent in this place.
 C = Inter-level travel time spent in this place.
 D = Time resting spent in this place.
 E = Time spent auto-exploring this place.
 F = Levels seen in this place.
 G = Mean time per level.
                   A        B        C        D        E       F      G
               +--------+--------+--------+--------+--------+-----+--------+
         Total |   2447 |   2306 |    141 |      0 |   1920 |   3 |  815.7 |
       Dungeon |   2447 |   2306 |    141 |      0 |   1920 |   3 |  815.7 |
               +--------+--------+--------+--------+--------+-----+--------+

Top non-repeatable levels by time:
     D:2: 1219 daAuts
     D:1: 1087 daAuts
     D:3: 139 daAuts
